 Dungeon Crawl Stone Soup version 0.17.2-1-ge4368a0 (webtiles) character file.

102 Hurricos the Cudgeler (level 4, -1/48 HPs)
             Began as an Ogre Warper on Sept 26, 2017.
             Slain by Grinder (4 damage)
             ... on level 3 of the Dungeon.
             The game lasted 00:02:14 (2115 turns).

Hurricos the Cudgeler (Ogre Warper)                 Turns: 2115, Time: 00:02:14

Health: -1/48      AC:  4    Str: 14    XL:     4   Next: 78%
Magic:  8/8        EV: 10    Int: 19    God:
Gold:   147        SH:  0    Dex: 10    Spells: 3 memorised, 4 levels left

rFire  . . .     SeeInvis .     a - +0 mace
rCold  + . .     Clarity  .     j - +1 robe
rNeg   . . .     SustAt   .     (no shield)
rPois  .         Gourm    .     (helmet restricted)
rElec  .         Spirit   .     (no cloak)
rCorr  .         Warding  .     (gloves unavailable)
rMut   .         Stasis   .     (boots unavailable)
MR     .....                    (no amulet)
Stlth  +.........               r - ring of protection from cold
                                (no ring)

@: brilliant, not resistant to hostile enchantments, very unstealthy
A: unfitting armour, hooves 1, clever 1, slow regeneration 1, tough skin 1, weak
1
a: no special abilities


You were on level 3 of the Dungeon.
You were not hungry.

You visited 1 branch of the dungeon, and saw 3 of its levels.

You collected 147 gold pieces.

Inventory:

Hand Weapons
 a - a +0 mace (weapon)
 b - a +1 hunting sling of freezing
Missiles
 e - 5 tomahawks of dispersal (quivered)
 l - 66 stones
Armour
 j - a +1 robe (worn)
Jewellery
 p - an uncursed ring of ice
 r - a ring of protection from cold (right hand)
 s - a cursed -3 ring of protection {unknown}
Scrolls
 d - a scroll of blinking
 i - a scroll of fear
 m - 3 scrolls of teleportation
 n - 2 scrolls of remove curse
Potions
 k - a potion of heal wounds
 o - a potion of magic
Books
 c - a book of Spatial Translocations

   Spells                             Type                      Level
   a - Apportation                    Translocation                1
   b - Blink                          Translocation                2
   c - Shroud of Golubria             Charms/Translocation         2
   d - Portal Projectile              Translocation                3
   e - Teleport Other                 Translocation                3
   f - Passage of Golubria            Translocation                4
Comestibles
 f - a bread ration
 g - 6 meat rations
 q - a royal jelly
 t - 3 chunks of flesh


   Skills:
 + Level 3.6 Fighting
 + Level 4.9 Maces & Flails
 + Level 1.6 Throwing
 - Level 2.1 Dodging
 + Level 3.2 Spellcasting
 - Level 2.1 Translocations


You had 4 spell levels left.
You knew the following spells:

 Your Spells              Type           Power        Failure   Level  Hunger
a - Apportation           Tloc           ###.......   1%          1    None
b - Blink                 Tloc           N/A          1%          2    ##.....
c - Shroud of Golubria    Chrm/Tloc      ###.......   2%          2    ##.....


Dungeon Overview and Level Annotations

Branches:
Dungeon (3/15)

Altars:
Dithmenos
Yredelemnul

Annotations:
D:3 Grinder


Innate Abilities, Weirdness & Mutations

You are too large for most types of armour.
You have tough skin (AC +1).
You have large cloven feet.
Your mind is acute. (Int +2)
You regenerate slowly when monsters are visible.
You are weak. (Str -2)


Message History

Grinder gestures at you. Pain shoots through your body!
* * * LOW HITPOINT WARNING * * *
You hit Grinder but do no damage. You kick Grinder, but do no damage.
Grinder is lightly wounded.
Grinder hits you.
* * * LOW HITPOINT WARNING * * *
You writhe in agony.
* * * LOW HITPOINT WARNING * * *
You hit Grinder.
Grinder is lightly wounded.
Grinder hits you but does no damage.
Unknown command.
Unknown command.
Unknown command.
You hit Grinder. You kick Grinder, but do no damage.
Grinder is moderately wounded.
Grinder gestures at you.
You barely resist. Grinder hits you.
You die...

. ####################..
##................((...
#...##..#######.....#
#...##..###...#.....# .
#†...........5@.....# .
#...###..##...#.....# #+#
#........##...#.....# #.#
#...†....##...#....!#.####.####
#........##...####+##......)...
#######..##...# .#######)####
#..###### ...........))
#..####### #######.#####
#......... #.#


You could see Grinder.

Vanquished Creatures
  2 adders (D:2)
  4 gnolls (D:3)
  A giant gecko (D:1)
  4 giant cockroaches
  9 goblins
  7 hobgoblins
  9 kobolds
  4 bats
  A giant newt (D:1)
  4 rats
45 creatures vanquished.

Notes
Turn   | Place    | Note
--------------------------------------------------------------
     0 | D:1      | Hurricos the Ogre Warper began the quest for the Orb.
     0 | D:1      | Reached XP level 1. HP: 22/22 MP: 3/3
   136 | D:1      | Reached skill level 3 in Maces & Flails
   235 | D:1      | Reached XP level 2. HP: 18/29 MP: 5/5
   506 | D:1      | Reached skill level 4 in Maces & Flails
   904 | D:1      | Learned a level 2 spell: Blink
   907 | D:1      | Learned a level 2 spell: Shroud of Golubria
  1195 | D:2      | Reached XP level 3. HP: 28/37 MP: 6/6
  1698 | D:2      | Reached XP level 4. HP: 45/45 MP: 8/8
  1702 | D:2      | Found a basalt altar of Yredelemnul.
  1715 | D:2      | Found a shadowy altar of Dithmenos.
  2086 | D:3      | Noticed Grinder
  2088 | D:3      | Paralysed by Grinder for 3 turns
  2096 | D:3      | Gained mutation: Your mind is acute. (Int +2) [potion of mutation]
  2096 | D:3      | Gained mutation: You are robust (+10% HP). [potion of mutation]
  2096 | D:3      | Gained mutation: You are weak. (Str -2) [potion of mutation]
  2097 | D:3      | Gained mutation: You regenerate slowly when monsters are visible. [potion of mutation]
  2097 | D:3      | Gained mutation: You have large cloven feet. [potion of mutation]
  2097 | D:3      | Lost mutation: You are robust (+10% HP). [potion of mutation]
  2113 | D:3      | HP: 2/48 [Grinder (2)]
  2115 | D:3      | Slain by Grinder

Action                   |  1- 3 |  4- 6 || total
-------------------------+-------+-------++-------
Melee: Mace              |    53 |    13 ||    66
 Fire: Hunting sling     |    48 |    35 ||    83
  Use: Scroll            |     8 |       ||     8
       Potion            |       |     6 ||     6
  Eat: Bread ration      |     1 |       ||     1
       Chunk             |     1 |       ||     1
